AoeStats
← ignacio.geli

Arena

508962214Analyzed
1v1 RM · 9d ago on Sep 24, 2026· 39m 14s· 2 players
Game mode
Random Map
Map size
Tiny (2 player)
Population
200
Speed
Normal
Resources
Standard
Victory
Conquest
Starting age
Dark Age
Ending age
Imperial Age
RankedLock teamsTeams togetherTeam positionsShared explorationLock speedFull tech treeHidden civsTurbo modeCheats
Victory
Defeat
🇦🇷 Spanish · Argentina
768
+18
🇨🇭 Goths · Switzerland
802
-18
ignacio.geli
6:59 Loom
10:23 Feudal Age
12:02 Double-Bit Axe
17:25 Castle Age
15:33 Horse Collar
15:54 Stone Mining
17:25 Wheelbarrow
17:08 Gold Mining
18:43 Bow Saw
18:43 Heavy Plow
31:38 Imperial Age
32:25 Man-at-Arms
32:52 Gambesons
35:15 Hand Cart
34:45 Town Watch
35:20 Scale Barding Armor
36:11 Fletching
37:16 Elite Conquistador
38:25 Capped Ram
39:38 Chain Barding Armor
39:14 Bodkin Arrow
Palto
1:37 Loom
13:29 Feudal Age
16:31 Horse Collar
16:40 Double-Bit Axe
17:33 Gold Mining
17:37 Stone Mining
21:57 Castle Age
20:39 Forging
22:04 Wheelbarrow
22:08 Scale Mail Armor
23:13 Bow Saw
23:21 Squires
30:22 Heavy Plow
32:22 Anarchy
34:04 Chain Mail Armor
37:11 Imperial Age
35:47 Iron Casting
39:05 Blast Furnace
Connection lost

Rejoining the realm…

Still unreachable

The connection could not be restored.

Session expired

The server has moved on; the page needs a fresh start.